 Dungeon Crawl Stone Soup version 0.19-a0-1008-g4c63d25 (webtiles) character file.

6103 Gmo the Carver (level 10, -1/72 HPs)
             Began as an Octopode Fighter on July 23, 2016.
             Was a Follower of Ashenzari.
             Slain by dprevitalli's ghost (10 damage)
             ... on level 10 of the Dungeon.
             The game lasted 00:35:52 (9875 turns).

Gmo the Carver (Octopode Fighter)                   Turns: 9875, Time: 00:35:55

Health: -1/72      AC:  5    Str: 23    XL:     10   Next: 88%
Magic:  10/10      EV: 24    Int: 10    God:    Ashenzari [*.....]
Gold:   362        SH: 14    Dex: 24    Spells: 0 memorised, 9 levels left

rFire  . . .     SeeInvis .     a - +0 long sword (slice) (curse)
rCold  . . .     Gourm    .     b - +0 shield (curse)
rNeg   + . .     Faith    .     i - +2 hat (curse)
rPois  +         Spirit   .     E - amulet "Bainiv" {RegenMP rPois rN+} (curse)
rElec  .         Dismiss  .     m - +1 ring of evasion (curse)
rCorr  .         Reflect  .     G - +4 ring of dexterity (curse)
SustAt .         Harm     .     (no ring)
MR     .....                    (no ring)
Stlth  ++++......               (no ring)
                                (no ring)
                                (no ring)
                                (no ring)

@: mighty, agile, not resistant to hostile enchantments, stealthy
A: almost no armour, amphibious, 8 rings, constrict 8, tentacle spike 1, large
bone plates 1, camouflage 1, deterioration 1, poison resistance, strong 1,
gelatinous body 1
a: Curse Item, Scrying, Renounce Religion


You were on level 10 of the Dungeon.
You worshipped Ashenzari.
Ashenzari was aware of your devotion.
You were not hungry.

You visited 1 branch of the dungeon, and saw 10 of its levels.
You also visited: Ossuary.

You collected 362 gold pieces.

Inventory:

Hand Weapons
 a - a cursed +0 long sword of slicing (weapon)
 k - a +2 trident of venom
 l - a +4 dagger
 x - a +2 dagger of draining
 y - a +4 short sword
Missiles
 e - 4 steel tomahawks (quivered)
 z - 4 javelins of penetration
 C - 6 javelins
Armour
 b - a cursed +0 shield (worn)
 c - a +1 large shield
 i - a cursed +2 hat (worn)
Jewellery
 h - a +2 amulet of reflection
 m - a cursed +1 ring of evasion (left tentacle)
 E - the cursed amulet "Bainiv" (around mantle) {RegenMP rPois rN+}
   (You found it on level 6 of the Dungeon)

   [amulet of magic regeneration]

   It increases your magic regeneration.
   It protects you from poison.
   It protects you from negative energy.
   It has a curse placed upon it.
 G - a cursed +4 ring of dexterity (right tentacle)
 J - an uncursed ring of wizardry
Wands
 g - a wand of lightning (0/15)
 u - a wand of disintegration (20/24)
 A - a wand of iceblast (8/15)
 F - a wand of iceblast (8/15)
 K - a wand of random effects (24/48)
 N - a wand of flame (22/48)
Scrolls
 o - 6 scrolls of teleportation
 q - a scroll of remove curse
 w - 2 scrolls of amnesia
 L - a scroll of fog
Potions
 j - 3 potions of curing
 p - a potion of invisibility
 t - a potion of resistance {unknown}
 B - a potion of haste {unknown}
 D - a potion of lignification
 I - a potion of berserk rage {unknown}
Books
 f - a Necronomicon

   Spells                             Type                      Level
   a - Haunt                          Necromancy/Summoning         7
   b - Borgnjor's Revivification      Necromancy                   8
   c - Death's Door                   Charms/Necromancy            8
   d - Infestation                    Necromancy                   8
   e - Necromutation                  Transmutation/Necromancy     8
 s - a book of Power

   Spells                             Type                      Level
   a - Fulminant Prism                Conjuration/Hexes            4
   b - Iskenderun's Mystic Blast      Conjuration                  4
   c - Venom Bolt                     Conjuration/Poison           5
   d - Bolt of Magma                  Conjuration/Fire/Earth       5
   e - Iron Shot                      Conjuration/Earth            6
   f - Orb of Destruction             Conjuration                  7
   g - Spellforged Servitor           Conjuration/Summoning        7
 H - a book of Debilitation

   Spells                             Type                      Level
   a - Corona                         Hexes                        1
   b - Slow                           Hexes                        2
   c - Gell's Gravitas                Hexes/Translocation          3
   d - Inner Flame                    Hexes/Fire                   3
   e - Cause Fear                     Hexes                        4
   f - Leda's Liquefaction            Hexes/Earth                  4
Comestibles
 d - 7 bread rations
 n - 2 royal jellies
 r - 2 meat rations
 O - 5 chunks of flesh


   Skills:
 + Level 7.8 Fighting
 * Level 10.3 Long Blades
 + Level 7.8 Dodging
 + Level 8.0 Shields


You had 9 spell levels left.
You didn't know any spells.

Dungeon Overview and Level Annotations

Branches:
Dungeon (10/15)            Temple (0/1) D:7
   Lair: D:8-11         Orc: D:9-12

Altars:
Ashenzari
Cheibriados
Gozag
Hepliaklqana
Makhleb
Zin

Annotations:
D:10 dprevitalli's ghost, journeyman GrBe


Innate Abilities, Weirdness & Mutations

You cannot wear most types of armour.
You are amphibious.
You can wear up to eight rings at the same time.
You can use your tentacles to constrict eight enemies at once.
Your skin changes colour to match your surroundings (Stealth+).
Your rubbery body absorbs attacks. (AC +1)
One of your tentacles bears a spike.
You are partially covered in large bone plates. (AC +2, SH +2)
Your body sometimes deteriorates upon taking damage.
Your system is resistant to poisons. (rPois)
Your muscles are strong. (Str +2)


Message History

You pierce dprevitalli's ghost, but do no damage.
You squeeze dprevitalli's ghost, but do no damage.
You block dprevitalli's ghost's attack.
You hit dprevitalli's ghost.
Your tentacle spike misses dprevitalli's ghost.
Dprevitalli's ghost is lightly damaged.
Dprevitalli's ghost hits you!
You are electrocuted!
You slice dprevitalli's ghost!!
You pierce dprevitalli's ghost, but do no damage.
You squeeze dprevitalli's ghost, but do no damage.
Dprevitalli's ghost is heavily damaged.
You block dprevitalli's ghost's attack.
You slash dprevitalli's ghost!
You pierce dprevitalli's ghost, but do no damage.
You squeeze dprevitalli's ghost, but do no damage.
Dprevitalli's ghost is severely damaged.
Dprevitalli's ghost hits you!!
* * * LOW HITPOINT WARNING * * *
You are electrocuted!
You die...

.# ..# #.# #.....# #.#
..♣.. #.# #...# #.#
#...#####
#######.######.#.<.#...#
#..........@W..#...###.#
.#####.########...###†#
#.####.'...♣.....#
#......##.....##.# ##
###.....##^..###.# ##.
#.#######.## #.###.. #.#
#.## #...... #.# #..#
#####.. #.# #..# ##.


You could see dprevitalli's ghost.

Vanquished Creatures
  A hill giant (D:8)
  The ghost of ProzacElf the Digger, a novice FoEE (D:4)
  Psyche (D:9)
  A kobold demonologist (D:9)
  Grinder (D:5)
  Prince Ribbit (D:6)
  Sigmund (D:6)
  A spriggan (D:8)
  2 wraiths (Ossuary)
  A hippogriff (D:9)
  Menkaure (D:6)
  2 black bears
  3 ice beasts
  A phantom (D:6)
  A sky beast (D:6)
  4 ogres
  A centaur (D:6)
  8 giant frogs
  4 scorpions
  6 killer bees
  7 wights
  A howler monkey (D:9)
  3 jellies
  4 crimson imps
  A hound (D:4)
  A centaur zombie (D:6)
  A giant frog zombie (D:5)
  2 orc priests
  9 orc wizards
  10 worker ants
  A hound skeleton (D:4)
  A howler monkey zombie (D:6)
  A worker ant zombie (D:8)
  11 adders
  3 gnolls (D:8)
  A howler monkey skeleton (D:9)
  4 shadow imps
  An ooze (D:1)
  An adder skeleton (D:9)
  An adder zombie (D:7)
  3 worms
  2 dart slugs (D:2)
  4 giant geckos
  26 orcs
  2 giant cockroaches (D:8)
  6 goblins
  3 hobgoblins
  6 jackals (D:8)
  6 quokkas
  A ball python (D:3)
  12 bats
  3 giant newts
  A hobgoblin skeleton (Ossuary)
  7 kobolds
  2 kobold zombies (Ossuary)
  An orc skeleton (Ossuary)
  4 orc zombies (Ossuary)
  4 rats
199 creatures vanquished.

Notes
Turn   | Place    | Note
-------+----------+-------------------------------------------
     0 | D:1      | Gmo the Octopode Fighter began the quest for the Orb.
     0 | D:1      | Reached XP level 1. HP: 16/16 MP: 1/1
   123 | D:1      | Reached XP level 2. HP: 13/21 MP: 2/2
  1027 | D:2      | Reached XP level 3. HP: 15/26 MP: 3/3
  1803 | D:3      | Reached skill level 3 in Long Blades
  1803 | D:3      | Reached XP level 4. HP: 19/31 MP: 4/4
  2093 | D:3      | Reached XP level 5. HP: 36/36 MP: 5/5
  2416 | D:4      | Reached skill level 4 in Long Blades
  2603 | D:4      | Noticed an ogre
  2666 | D:4      | Killed an ogre
  2666 | D:4      | Reached XP level 6. HP: 34/43 MP: 6/6
  2781 | D:4      | Noticed ProzacElf's ghost (novice FoEE)
  2822 | D:4      | Killed ProzacElf's ghost
  2822 | D:4      | Reached skill level 5 in Long Blades
  2822 | D:4      | Reached XP level 7. HP: 45/49 MP: 7/7
  3355 | D:5      | Entered Level 5 of the Dungeon
  3470 | D:5      | Noticed Grinder
  3480 | D:5      | Killed Grinder
  3480 | D:5      | Reached skill level 5 in Fighting
  3480 | D:5      | Reached skill level 6 in Long Blades
  3480 | D:5      | Reached skill level 5 in Shields
  3480 | D:5      | Reached XP level 8. HP: 30/55 MP: 8/8
  3752 | D:4      | HP: 2/55 [shadow imp/nerve-wracking pain (13)]
  4152 | D:4      | Reached skill level 5 in Dodging
  5317 | D:6      | Reached skill level 7 in Long Blades
  5333 | D:6      | Noticed Prince Ribbit
  5348 | D:6      | Killed Prince Ribbit
  5348 | D:6      | Reached XP level 9. HP: 28/62 MP: 9/9
  5474 | D:6      | Found a sand-covered staircase.
  5874 | Ossuary  | Entered an ossuary
  5945 | Ossuary  | Reached skill level 8 in Long Blades
  6364 | Ossuary  | HP: 3/63 [wraith (5)]
  6478 | D:6      | Got a pitted steel amulet
  6479 | D:6      | Noticed Sigmund
  6519 | D:6      | Killed Sigmund
  6559 | D:6      | Identified the amulet "Bainiv" {RegenMP rPois rN+} (You found it on level 6 of the Dungeon)
  6678 | D:6      | Noticed Menkaure
  6686 | D:6      | Killed Menkaure
  6836 | D:7      | Reached XP level 10. HP: 52/69 MP: 10/10
  7131 | D:7      | Reached skill level 9 in Long Blades
  7297 | D:7      | Found a snail-covered altar of Cheibriados.
  7299 | D:7      | Found an opulent altar of Gozag.
  7300 | D:7      | Found a hazy altar of Hepliaklqana.
  7300 | D:7      | Found a shattered altar of Ashenzari.
  7306 | D:7      | Found a glowing silver altar of Zin.
  7307 | D:7      | Found a burning altar of Makhleb.
  7321 | D:7      | Became a worshipper of Ashenzari the Shackled
  7359 | D:7      | Found a staircase to the Ecumenical Temple.
  8209 | D:8      | Noticed a hill giant
  8224 | D:8      | Killed a hill giant
  8634 | D:9      | Gained mutation: You are partially covered in large bone plates. (AC +2, SH +2) [potion of mutation]
  8634 | D:9      | Gained mutation: Your muscles are strong. (Str +2) [potion of mutation]
  8634 | D:9      | Gained mutation: Your body sometimes deteriorates upon taking damage. [potion of mutation]
  8635 | D:9      | Gained mutation: Your system is resistant to poisons. (rPois) [potion of mutation]
  8635 | D:9      | Gained mutation: One of your tentacles bears a spike. [potion of mutation]
  8638 | D:9      | Noticed a kobold demonologist
  8648 | D:9      | Noticed a sixfirhy
  8649 | D:9      | Killed a kobold demonologist
  8888 | D:9      | Noticed Psyche
  8897 | D:9      | Killed Psyche
  8939 | D:9      | Reached skill level 10 in Long Blades
  8999 | D:9      | Reached * piety under Ashenzari
  9392 | D:9      | Identified the +7 hunting sling of the Evening {flame, Str-3 Int+5}
  9678 | D:10     | Entered Level 10 of the Dungeon
  9866 | D:10     | Noticed dprevitalli's ghost (journeyman GrBe)
  9875 | D:10     | Slain by dprevitalli's ghost

Vault maps used:
D:1:      minmay_arrival_diagonal_passages, minmay_hedge_maze,
          minmay_statues_item
D:3:      minmay_misc_feat_room
D:5:      lemuel_upstairs_altar, first_bread, uniq_grinder
D:6:      black_bear_nest_2, nicolae_ossuary_entry_false_entrances,
          minmay_small_thing, uniq_sigmund, uniq_menkaure, uniq_prince_ribbit1
D:7:      grunt_temple_overflow_open
D:8:      the_bakery, minmay_checkerbox
D:9:      uniq_psyche
D:10:     minmay_lair_entry_grove, basic_altar, grunt_ministairs_15, uniq_urug
Ossuary:  ossuary_due_cavern

Skill      XL: |  1  2  3  4  5  6  7  8  9 10 |
---------------+-------------------------------+-----
Long Blades    | 3 4 5 6 7 8 10 | 10.3
Shields        | 4 5 6 8 |  8.0
Fighting       | 4 5 6 7 |  7.8
Dodging        | 4 5 6 7 |  7.8

Action                   |  1- 3 |  4- 6 |  7- 9 | 10-12 || total
-------------------------+-------+-------+-------+-------++-------
Melee: Long sword        |    80 |     6 |       |    82 ||   168
       Constrict         |    25 |     9 |    56 |    44 ||   134
       Tentacles         |     9 |    11 |    69 |    70 ||   159
       Dagger            |       |    69 |   179 |       ||   248
       Short sword       |       |       |   110 |   119 ||   229
       Kick              |       |       |       |    39 ||    39
Invok: Curse Item        |       |       |       |     7 ||     7
Evoke: Wand              |       |       |     5 |       ||     5
  Use: Scroll            |     5 |     2 |     7 |     7 ||    21
       Potion            |       |     2 |     3 |     6 ||    11
 Stab: Sleeping          |     4 |     2 |     9 |    10 ||    25
       Distracted        |       |       |     2 |       ||     2
  Eat: Chunk             |     3 |     2 |     4 |     4 ||    13
       Royal jelly       |       |       |     1 |       ||     1
       Beef jerky        |       |       |     1 |       ||     1
       Bread ration      |       |       |     2 |       ||     2
       Pizza             |       |       |     1 |       ||     1
       Meat ration       |       |       |       |     1 ||     1
Armor: Skin              |    10 |    29 |     2 |     5 ||    46
Dodge: Dodged            |    23 |    14 |    70 |    79 ||   186
Block: Shield            |    32 |    33 |   117 |    68 ||   250
       Reflection        |     3 |     3 |     2 |       ||     8
